 Dungeon Crawl Stone Soup version 0.28-a0-938-gbc3f381ebc (webtiles) character file.

Game seed: 115892899638865196

270 night the Magician (level 6, 0/47 HPs)
             Began as a Djinni Venom Mage on Nov 28, 2021.
             Slain by a gnoll (5 damage)
             ... on level 4 of the Dungeon.
             The game lasted 00:09:19 (4523 turns).

night the Magician (Djinni Venom Mage)              Turns: 4523, Time: 00:09:20

Health: 0/47       AC:  2    Str:  8    XL:     6   Next: 46%
Gold:   129        EV: 12    Int: 18    God:
                   SH:  0    Dex: 13

rFire   + + .      SeeInvis .   n - +1 flail (holy)
rCold   x . .      Faith    .   (no shield)
rNeg    . . .      Spirit   .   a - +0 robe
rPois   ∞          Reflect  .   (no helmet)
rElec   .          Harm     .   (no cloak)
rCorr   .          Rampage  .   (no gloves)
Will    .....                   (boots unavailable)
Stlth   ++........              (no amulet)
HPRegen 0.15/turn               (no ring)
MPRegen 0.00/turn               (no ring)

@: flying
A: sickness immunity, fire resistance 2, cold vulnerability 1, float, innate
caster, hp casting, extra vitality 1
a: no special abilities


You were on level 4 of the Dungeon.
You visited 1 branch of the dungeon, and saw 4 of its levels.

You collected 129 gold pieces.

Inventory:

Hand Weapons
 b - a +0 short sword of venom
 n - a +1 flail of holy wrath (weapon)
 p - a +1 dagger of speed
Missiles
 e - 91 stones
 f - 15 bolts
 l - 21 arrows
 o - 23 sling bullets
 q - 2 silver boomerangs
Armour
 a - a +0 robe (worn)
 c - a +0 ring mail
 r - +2 pearl dragon scales
Scrolls
 i - 3 scrolls of teleportation
 m - a scroll of fog
Potions
 d - a potion of curing
 g - a potion of invisibility
 h - a potion of heal wounds {unknown}
 j - a potion of attraction {unknown}


   Skills:
 + Level 4.0 Fighting
 - Level 2.1 Dodging
 - Level 1.5 Stealth
 + Level 4.0 Spellcasting


You couldn't memorise any spells.
You knew the following spells:

 Your Spells              Type           Power      Damage    Failure   Level
a - Sting                 Tmut/Pois      72%        1d6       2%          1
b - Poisonous Vapours     Pois/Air       36%        N/A       4%          2
c - Mephitic Cloud        Conj/Pois/Air  18%        N/A       9%          3
d - Olgreb's Toxic Radia  Pois           18%        N/A       26%         4
e - Apportation           Tloc           36%        N/A       2%          1
f - Searing Ray           Conj           36%        2d5       4%          2
Your spell library was empty.

Dungeon Overview and Level Annotations

Branches:
Dungeon (4/15)
 Temple: D:4-7

Altars:
Nemelex Xobeh
Okawaru
Uskayaw


Innate Abilities, Weirdness & Mutations

You are immune to sickness and miasma.
You are immune to poison.
Your flesh is very heat resistant. (rF++)
You are vulnerable to cold. (rC-)
You float through the air rather than walking.
You learn spells naturally, not from books.
Your magical power is your life essence.
You have superior vitality. (+4 HP)


Message History

A gnoll comes into view. It is wielding a +0 spear.
A gnoll comes into view. It is wielding a +0 club.
The gnoll shouts! x2
Casting: Poisonous Vapours (safe; 4% risk of failure)
Confirm with . or Enter, or press ? or * to list all spells.
The spell is quite dangerous to cast (28% risk of failure)!
Continue anyway?
You begin to radiate toxic energy.
The orc is poisoned.
The gnoll is poisoned. x3
The gnoll looks even sicker. x2; The orc barely misses you.
The orc looks even sicker.
The gnoll looks even sicker.
Your toxic aura wanes.
Items here: ) [ ÷ †.
Things that are here:
a +0 dagger; a +0 leather armour; an orc corpse You kill the orc!
You feel a bit more experienced.
Your magical contamination has completely faded away.
Your Fighting skill increases to level 4!
Casting: Olgreb's Toxic Radiance (quite dangerous; 26% risk of failure)
Confirm with . or Enter, or press ? or * to list all spells.
Aiming: Poisonous Vapours (safe; 4% risk of failure)
Press: ? - help, Dir - move target, f - gnoll
Aim: a gnoll, wielding a +0 spear (severely wounded, poisoned) Poisonous vapours surround the gnoll!
The gnoll looks even sicker.
There is a stone staircase leading up here.
Your +0 short sword of venom stops dripping with poison.
Your +1 flail of holy wrath softly glows with a divine radiance!
n - a +1 flail of holy wrath (weapon)
You barely miss the adder skeleton.
You kill the gnoll!
The adder skeleton bites you.
You closely miss the adder skeleton. The adder skeleton bites you.
* * * LOW HITPOINT WARNING * * *
The gnoll hits you from afar with a +0 spear.
* * * LOW HITPOINT WARNING * * *
The adder skeleton bites you but does no damage.
The gnoll hits you from afar with a +0 spear.
* * * LOW HITPOINT WARNING * * *
The adder skeleton barely misses you.
The gnoll hits you from afar with a +0 spear.
You die...

..###
....#######
......##.)####
......Z.##)).##
......g.###...##
..g.....#
##...##
....g...#
##.g.##
.......##
###Z.## .......#
##@.## ......##
##..## ....###
##..# ..### ####
..# .## .# #


You could see a gnoll (very poisoned) and an adder skeleton.

Vanquished Creatures
  A scorpion (D:4)
  An orc priest (D:4)
  Terence (D:3)
  2 orc wizards
  2 adders (D:2)
  2 gnolls (D:4)
  A worm (D:3)
  A dart slug (D:2)
  6 orcs
  4 ball pythons
  8 endoplasms
  3 giant cockroaches (D:2)
  A goblin (D:2)
  8 hobgoblins
  4 quokkas
  6 bats
  2 frilled lizards
  5 kobolds
58 creatures vanquished.

Notes
Turn   | Place    | Note
-------+----------+-------------------------------------------
     0 | D:1      | night the Djinni Venom Mage began the quest for the Orb.
     0 | D:1      | Reached XP level 1. HP: 15/15 MP: 0/0
   195 | D:2      | Reached XP level 2. HP: 20/22 MP: 0/0
   245 | D:2      | Reached skill level 1 in Fighting
   499 | D:2      | Reached XP level 3. HP: 19/28 MP: 0/0
   499 | D:2      | Learned a level 1 spell: Apportation
  1245 | D:1      | Reached skill level 2 in Fighting
  1250 | D:1      | Found a faded altar of an unknown god.
  1952 | D:2      | Reached XP level 4. HP: 21/33 MP: 0/0
  2773 | D:3      | Found an iron altar of Okawaru.
  2773 | D:3      | Found a sparkling altar of Nemelex Xobeh.
  2782 | D:3      | Noticed Terence
  2803 | D:3      | Killed Terence
  3016 | D:3      | Reached XP level 5. HP: 24/39 MP: 0/0
  3016 | D:3      | Learned a level 2 spell: Searing Ray
  3722 | D:3      | Found a hide-covered altar of Uskayaw.
  4387 | D:4      | Reached XP level 6. HP: 41/47 MP: 0/0
  4522 | D:4      | HP: 5/47 [gnoll (5)]
  4523 | D:4      | Slain by a gnoll

Illustrated notes

Levels and vault maps discovered:
D:1:      psy_arrival_conway, layout_loops_ring,
          shapermc_ecumenical_altar_totnotflames
D:2:      layout_basic
D:3:      layout_basic, eat_drink_and_be_merry_uskayaw,
          gammafunk_temple_overflow_elements, uniq_terence
D:4:      nicolae_BIG_FREAKIN_CUBE, layout_cave_pods, tgw_kikubaaqudgha,
          nicolae_overflow_hidden_temple, minmay_distorted, uniq_ijyb

Skill      XL: |  1  2  3  4  5  6 |
---------------+-------------------+-----
Fighting       | 1 2 3 4 |  4.0
Spellcasting   | 3 4 |  4.0
Dodging        | |  2.1
Stealth        | |  1.5

Action                   |  1- 3 |  4- 6 || total
-------------------------+-------+-------++-------
Melee: Short sword       |    18 |    28 ||    46
       Dagger            |       |    14 ||    14
       Flail             |       |     2 ||     2
 Cast: Sting             |    51 |    23 ||    74
       Poisonous Vapours |     1 |    27 ||    28
       Olgreb's Toxic Ra |       |     1 ||     1
  Use: Scroll            |       |     8 ||     8
 Stab: Sleeping          |     1 |       ||     1
Armor: Ring mail         |    17 |       ||    17
       Robe              |     5 |     2 ||     7
Dodge: Dodged            |    31 |    21 ||    52

Table legend: (Time is in decaauts)
 A = Elapsed time spent in this place.
 B = Non-inter-level travel time spent in this place.
 C = Inter-level travel time spent in this place.
 D = Time resting spent in this place.
 E = Time spent auto-exploring this place.
 F = Levels seen in this place.
 G = Mean time per level.
                   A        B        C        D        E       F      G
               +--------+--------+--------+--------+--------+-----+--------+
         Total |   4523 |   4443 |     80 |   1317 |   2493 |   4 | 1130.8 |
       Dungeon |   4523 |   4443 |     80 |   1317 |   2493 |   4 | 1130.8 |
               +--------+--------+--------+--------+--------+-----+--------+

Top non-repeatable levels by time:
     D:1: 1506 daAuts
     D:2: 1423 daAuts
     D:3: 1195 daAuts
     D:4: 398 daAuts
